 Dungeon Crawl Stone Soup version 0.26.1-2-gb8aa6d0cf2 (webtiles) character file.

Game seed: 714902753244639492

99108 Goaboa the Unseen (level 15, -3/79 HPs)
             Began as a Spriggan Enchanter on Feb 26, 2021.
             Was the Champion of Okawaru.
             Splashed by a goliath frog's acid (10 damage)
             ... on level 1 of the Swamp on Mar 2, 2021.
             The game lasted 05:13:51 (33043 turns).

Goaboa the Unseen (Spriggan Enchanter)             Turns: 33043, Time: 05:13:51

Health: -3/79      AC:  8    Str: 14      XL:     15   Next: 76%
Magic:  22/30      EV: 39    Int: 16 (18) God:    Okawaru [******]
Gold:   720        SH: 13    Dex: 34      Spells: 22/34 levels left

rFire    x . .     SeeInvis +   a - +6 dagger "Guvan" {holy, *Rage rF- Str+10 Dex+8}
rCold    . . .     Faith    .   V - +0 buckler {rF+}
rNeg     . . .     Spirit   .   H - +2 robe of Vines {NoPotionHeal Regen+7}
rPois    +         Reflect  +   Y - +2 hood of the Assassin {Detection Stab+ Stlth++}
rElec    .         Harm     .   v - +0 cloak of Tidior {Stlth+}
rCorr    .         Rampage  .   (gloves unavailable)
Will     ++...     Rnd*Rage +   (boots unavailable) Stlth *+++++++++
                                W - amulet of reflection
HPRegen  3.03/turn              o - ring of the Traitor {rPois rF- Slay+6}
MPRegen  0.22/turn              E - +6 ring of dexterity

@: very quick
A: very small, unfitting armour, beak, see invisible, clumsy 1, speed 3, shaggy
fur 1
a: Renounce Religion, Heroism, Finesse


You were on level 1 of the Swamp.
You worshipped Okawaru.
Okawaru was exalted by your worship.
You visited 6 branches of the dungeon, and saw 26 of its levels.
You also visited: Volcano.

You collected 2018 gold pieces.
You spent 1298 gold pieces at shops.

Inventory:

Hand Weapons
 a - the +6 dagger "Guvan" (weapon) {holy, *Rage rF- Str+10 Dex+8}
   (You bought it in a shop on level 12 of the Dungeon)

   It has been blessed by the Shining One to cause great damage to the undead
   and demons.
   It affects your strength (+10).
   It affects your dexterity (+8).
   It makes you vulnerable to fire.
   It may make you go berserk in combat.
 b - a +3 vorpal shortbow
 s - a +3 dagger of holy wrath
 O - the cursed +3 rapier of Distant Shores {elec, Dex+2}
   (You found it on level 13 of the Dungeon)

   Occasionally, upon striking a foe, it can discharge electrical energy and
   cause terrible harm.
   It affects your dexterity (+2).
   It has a curse placed upon it.
Missiles
 f - 55 poisoned darts
 t - 10 curare-tipped darts
 G - 785 arrows
Armour
 n - a +0 cloak of poison resistance
 r - a +3 buckler of reflection
 v - the +0 cloak of Tidior (worn) {Stlth+}
   (You found it on level 4 of the Lair of Beasts)

   It makes you more stealthy.
 H - the +2 robe of Vines (worn) {NoPotionHeal Regen+7}
   (Okawaru gifted it to you on level 8 of the Dungeon)

   It increases your rate of regeneration.
 V - a +0 buckler of fire resistance (worn)
 Y - the +2 hood of the Assassin (worn) {Detection Stab+ Stlth++}
   (Okawaru gifted it to you on level 13 of the Dungeon)

   It makes you much more stealthy.
Jewellery
 i - a +6 ring of intelligence
 o - the ring of the Traitor (left hand) {rPois rF- Slay+6}
   (You found it on level 7 of the Dungeon)

   [ring of poison resistance]

   It affects your accuracy and damage with ranged weapons and melee attacks
   (+6).
   It makes you vulnerable to fire.
   It protects you from poison.
 A - an uncursed ring of positive energy
 D - an uncursed ring of ice
 E - a +6 ring of dexterity (right hand)
 S - an uncursed ring of protection from cold
 U - an uncursed ring of poison resistance
 W - an amulet of reflection (around neck)
Wands
 h - a wand of paralysis (15)
 w - a wand of polymorph (42)
 y - a wand of iceblast (18)
 B - a wand of acid (24)
 C - a wand of flame (48)
 I - a wand of digging (4)
 P - a wand of enslavement (13)
Scrolls
 c - 6 scrolls of remove curse
 j - 3 scrolls of blinking
 k - 11 scrolls of teleportation
 p - 3 scrolls of magic mapping
 q - 12 scrolls of amnesia
 F - 4 scrolls of fog
 L - a scroll of immolation
 M - a scroll of fear
 N - a scroll of summoning
Potions
 d - a potion of magic
 e - a potion of ambrosia {unknown}
 g - 3 potions of haste
 l - 2 potions of flight
 m - a potion of resistance
 u - a potion of might
 x - 5 potions of lignification
 z - 2 potions of invisibility
 J - 9 potions of curing


   Skills:
 + Level 9.6 Fighting
 + Level 12.0 Short Blades
 - Level 6.8 Bows
 - Level 5.0 Throwing
 + Level 17.1 Dodging
 + Level 18.6 Stealth
 + Level 10.2 Spellcasting
 - Level 10.5 Hexes
 + Level 4.5 Ice Magic
 + Level 6.5 Invocations


You had 22 spell levels left.
You knew the following spells:

 Your Spells              Type           Power        Failure   Level
a - Corona                Hex            46%          1%          1
b - Ensorcelled Hibernat  Hex/Ice        64%          1%          2
c - Confusing Touch       Hex            42%          1%          3
d - Tukima's Dance        Hex            42%          1%          3
f - Dazzling Flash        Conj/Hex       50%          4%          3

Your spell library contained the following spells:

 Spells                   Type           Power        Failure   Level
 Animate Skeleton         Necr           16%          16%         1
 Apportation              Tloc           16%          16%         1
 Summon Small Mammal      Summ           32%          16%         1
 Irradiate                Conj/Tmut      4%           99%         5
 Hydra Form               Tmut           4%           100%        6
 Statue Form              Tmut/Erth      5%           100%        6
 Dragon Form              Tmut           4%           100%        7


Dungeon Overview and Level Annotations

Branches:
Dungeon (15/15)            Temple (1/1) D:4            Lair (6/6) D:10
  Swamp (1/4) Lair:2        Snake (0/4) Lair:3        Slime (0/5) Lair:5
    Orc (2/2) D:10            Elf (1/3) Orc:2        Vaults (0/5) D:14
 Depths (0/5) D:15        Volcano (visited)

Altars:
Ashenzari
Cheibriados
Dithmenos
Elyvilon
Fedhas
Gozag
Hepliaklqana
Kikubaaqudgha
Makhleb
Nemelex Xobeh
Okawaru
Qazlal
Ru
Sif Muna
Trog
Uskayaw
Vehumet
Wu Jian
Xom
Yredelemnul
Zin
The Shining One
Beogh

Shops:
D:12 (   D:13 (   D:14 (   D:15 ?   Orc:2 ((*(

Annotations:
D:9 2 transporters, brucemayne's ghost, novice HOMo
D:12 exclusion: ice statue
Lair:3 exclusion: oklob plant
Lair:6 exclusion: oklob plant


Innate Abilities, Weirdness & Mutations

You are very small and have problems with some larger weapons.
You are too small for most types of armour.
You have supernaturally acute eyesight. (SInv)
You cover ground extremely quickly.
You have a beak for a mouth.
You are clumsy. (Dex -2)
You are covered in fur. (AC +1)


Message History

You kill the spriggan rider!
Okawaru accepts your kill.
You kill the hornet!
Okawaru accepts your kill. The bog body casts a spell at you.
The bolt of cold misses you.
The goliath frog looks as sick as possible!
The goliath frog hits you from afar!
You are splashed with acid!
Casting: Dazzling Flash (dangerous; 4% risk of failure)
Confirm with . or Enter, or press ? or * to list all spells.
The swamp dragon completely misses you. You block the swamp dragon's attack. x2
The goliath frog is engulfed in poison gas.
The goliath frog looks as sick as possible!
The goliath frog dies!
The goliath frog hits you from afar!!
You are splashed with acid!
The bog body barely misses you. The goliath frog hits you from afar!!
* * * LOW HITPOINT WARNING * * *
You are splashed with acid!
You die...

≈≈≈≈≈≈≈≈≈......:.≈♣♣≈≈≈..♣
≈≈≈≈≈≈≈≈≈....≈.≈≈.♣.≈≈≈≈≈.
≈..≈≈≈≈≈≈...♣.≈≈≈..≈≈≈...
≈...≈≈≈≈≈..♣♣.≈≈≈≈≈.....
≈.≈..≈≈≈≈..≈♣.≈≈≈≈§.#
≈≈≈...≈≈...≈.≈≈≈≈...#
♣≈..≈..(♣♣♣≈≈≈≈F≈.♣.#
♣≈.≈≈.♣♣(§.<°°n≈§≈.$#
...≈. ♣..>§°≈°D@...# ≈≈.§
♣♣≈.≈°°°♣♣...# ..≈
♣≈♣.§≈≈♣♣♣...# ♣.
.≈.♣≈≈≈.♣♣♣...# .
≈...♣♣♣≈≈♣♣♣.≈≈.# ≈≈≈≈.
♣♣♣♣ ♣≈≈≈)$.♣ ≈≈≈≈.
♣....≈≈♣♣ ≈≈≈≈ ♣♣.≈.?.≈
♣♣...≈≈.


You could see a swamp dragon (catching breath), a goliath frog and a bog body.

Vanquished Creatures
  An orc warlord (D:8)
  A deep elf annihilator (Elf:1)
  A deep elf death mage (Elf:1)
  Erolcha (D:13)
  An eleionoma (Swamp:1)
  4 boulder beetles
  Harold (Orc:1)
  6 hydras
  3 centaur warriors
  A catoblepas (Lair:6)
  4 two-headed ogres
  14 death yaks
  A deep troll shaman (Lair:6)
  A tengu warrior (D:15)
  2 spriggans (Swamp:1)
  A fire crab (Lair:6)
  A death drake (shapeshifter) (D:15)
  A glowing orange brain (D:14)
  A lindwurm (Lair:1)
  An orc knight (Orc:2)
  Pikel (D:7)
  2 deep elf archers (Elf:1)
  8 deep elf magi
  26 ugly things
  4 cyclopes
  A wizard (D:15)
  6 slime creatures
  An orc sorcerer (Orc:1)
  A will-o-the-wisp (Swamp:1)
  5 black mambas
  2 torpor snails
  A black mamba (shapeshifter) (D:15)
  7 elephants
  6 centaur zombies
  5 gargoyles
  7 cane toads
  A kobold demonologist (D:15)
  2 rime drakes (Lair:4)
  11 komodo dragons
  An efreet (D:15)
  A tengu conjurer (D:12)
  3 meliai (D:13)
  A polar bear (shapeshifter) (D:15)
  6 trolls
  3 tyrant leeches
  10 blink frogs
  4 hornets
  5 dream sheep (Lair:6)
  A meliai zombie (D:15)
  A flying skull (Volcano)
  4 shadows
  A tarantella (shapeshifter) (D:8)
  3 wraiths
  58 yaks
  A fire bat (shapeshifter) (D:15)
  2 wyverns
  8 basilisks
  A steam dragon (Lair:3)
  A dancing weapon (D:8)
  Menkaure (D:7)
  A vampire mosquito (D:14)
  14 wargs
  A naga (Lair:3)
  3 swamp worms
  2 acid dragons
  Duvessa (D:7)
  13 water moccasins
  5 black bears
  29 orc warriors
  3 sky beasts
  A phantom (D:14)
  2 ice beasts
  8 ogres
  An eye of draining (shapeshifter) (D:15)
  A necrophage (D:6)
  An eye of draining (D:15)
  24 wolves
  24 centaurs
  3 big kobolds
  16 bullfrogs
  Dowan (D:7)
  A wyvern zombie (D:13)
  2 wyvern skeletons
  A scorpion (D:6)
  5 killer bees (D:13)
  13 wights
  8 howler monkeys
  2 electric eels
  2 bullfrog zombies
  6 jellies
  7 orc priests
  3 centaur skeletons
  10 orc wizards
  A bullfrog skeleton (D:12)
  3 hounds
  Jessica (D:3)
  2 iguanas
  11 worker ants
  A killer bee zombie (D:6)
  A hound skeleton (D:10)
  8 adders
  6 gnolls
  6 white imps
  3 ufetubi
  An ooze (D:3)
  2 adder zombies
  2 adder skeletons
  2 worms (D:2)
  A dart slug (D:1)
  2 leopard geckos
  73 orcs
  2 ball pythons
  6 bats
  4 giant cockroaches
  6 goblins
  3 hobgoblins (D:2)
  6 jackals
  2 quokkas
  4 frilled lizards
  18 kobolds
  A leopard gecko skeleton (D:5)
  A rat (D:2)
653 creatures vanquished.

Vanquished Creatures (collateral kills)
  Urug (Lair:2)
  A necromancer (D:14)
  A naga (Lair:3)
  5 orc warriors
  A centaur (D:13)
  A jelly (D:7)
  2 orc priests
  4 orc wizards
  A leopard gecko (D:7)
  26 orcs
  A bat (D:2)
  A kobold (D:2)
  A quokka (D:10)
46 creatures vanquished.

Vanquished Creatures (others)
  A goliath frog (Swamp:1)
  21 dancing weapons
  A swamp worm (Swamp:1)
  36 fungi
  41 plants
100 creatures vanquished.

Grand Total: 799 creatures vanquished

Notes
Turn   | Place    | Note
-------+----------+-------------------------------------------
     0 | D:1      | Goaboa the Spriggan Enchanter began the quest for the Orb.
     0 | D:1      | Reached XP level 1. HP: 9/9 MP: 5/5
   241 | D:1      | Reached XP level 2. HP: 9/13 MP: 6/6
   244 | D:1      | Learned a level 2 spell: Ensorcelled Hibernation
  1052 | D:2      | Lost strength.
  1231 | D:2      | Reached XP level 3. HP: 17/17 MP: 2/8
  1235 | D:2      | Learned a level 3 spell: Tukima's Dance
  1465 | D:2      | Found a blossoming altar of Fedhas.
  1466 | D:2      | Found a bloodstained altar of Trog.
  1480 | D:2      | Reached skill level 5 in Stealth
  1934 | D:2      | Found a white marble altar of Elyvilon.
  2208 | D:3      | Noticed Jessica
  2215 | D:3      | Killed Jessica
  2216 | D:3      | Reached skill level 1 in Fighting
  2216 | D:3      | Reached XP level 4. HP: 22/22 MP: 10/10
  2220 | D:3      | Learned a level 3 spell: Confusing Touch
  2677 | D:4      | Noticed a bullfrog
  2704 | D:4      | Killed a bullfrog
  2705 | D:4      | Reached XP level 5. HP: 18/25 MP: 3/11
  2950 | D:4      | Found a staircase to the Ecumenical Temple.
  3007 | Temple   | Entered the Ecumenical Temple
  3085 | Temple   | Became a worshipper of Warmaster Okawaru
  3133 | D:4      | Found a basalt altar of Yredelemnul.
  3185 | D:4      | Noticed an ogre
  3196 | D:4      | Killed an ogre
  3197 | D:4      | Reached skill level 6 in Stealth
  3197 | D:4      | Reached XP level 6. HP: 30/30 MP: 9/12
  3404 | D:5      | Entered Level 5 of the Dungeon
  3448 | D:5      | Reached * piety under Okawaru
  3628 | D:5      | Reached skill level 5 in Hexes
  3910 | D:5      | Reached skill level 1 in Throwing
  4056 | D:5      | Reached skill level 5 in Dodging
  4360 | D:6      | Reached XP level 7. HP: 35/35 MP: 14/14
  4822 | D:6      | Got a dazzling spear
  4823 | D:6      | Identified the +4 spear of Greatest Utility {vorpal, *Rage
                  | rElec rF+ MP+9} (You found it on level 6 of the Dungeon)
  4992 | D:6      | Reached ** piety under Okawaru
  5008 | D:6      | Reached skill level 7 in Stealth
  5035 | D:6      | Reached skill level 1 in Invocations
  5286 | D:6      | Reached skill level 5 in Spellcasting
  5286 | D:6      | Reached XP level 8. HP: 29/39 MP: 3/16
  5540 | D:6      | Learned a level 3 spell: Dazzling Flash
  6615 | D:7      | Noticed Duvessa
  6647 | D:7      | Killed Duvessa
  6647 | D:7      | Reached *** piety under Okawaru
  6648 | D:7      | Reached skill level 8 in Stealth
  6648 | D:7      | Noticed Dowan
  6652 | D:7      | Killed Dowan
  6827 | D:7      | Noticed Pikel
  6839 | D:7      | Noticed a hornet
  6845 | D:7      | Killed Pikel
  6846 | D:7      | Reached XP level 9. HP: 37/44 MP: 4/18
  6850 | D:7      | Paralysed by a hornet for 3 turns
  6872 | D:7      | Reached skill level 9 in Stealth
  7129 | D:7      | Paralysed by a hornet for 3 turns
  7133 | D:7      | Noticed Menkaure
  7311 | D:7      | Reached skill level 5 in Short Blades
  7533 | D:7      | Got a flickering marble ring
  7534 | D:7      | Identified the ring of the Traitor {rPois rF- Slay+6} (You
                  | found it on level 7 of the Dungeon)
  7685 | D:7      | Killed Menkaure
  8147 | D:8      | Reached **** piety under Okawaru
  8182 | D:8      | Found a hide-covered altar of Uskayaw.
  8182 | D:8      | Found a sparkling altar of Nemelex Xobeh.
  8182 | D:8      | Found an ancient bone altar of Kikubaaqudgha.
  8288 | D:7      | Reached skill level 10 in Stealth
  8601 | D:8      | Noticed an orc warlord
  8661 | D:8      | HP: 1/45 [orc priest/divine providence (13)]
  8817 | D:9      | Noticed a two-headed ogre
  8850 | D:9      | Killed a two-headed ogre
  8850 | D:9      | Reached ***** piety under Okawaru
  8850 | D:9      | Received a gift from Okawaru
  8851 | D:9      | Reached XP level 10. HP: 21/50 MP: 3/21
  8923 | D:9      | Reached skill level 11 in Stealth
  9154 | D:9      | Found a transporter.
  9163 | D:9      | Noticed brucemayne's ghost (novice HOMo)
  9164 | D:9      | Noticed a yaktaur captain
  9276 | D:9      | Reached skill level 10 in Dodging
  9381 | D:9      | Found a transporter.
 10323 | D:8      | Killed an orc warlord
 10323 | D:8      | Received a gift from Okawaru
 10324 | D:8      | Found the +2 robe of Vines {NoPotionHeal Regen+7}
 10759 | D:8      | Reached skill level 12 in Stealth
 11253 | D:8      | Reached XP level 11. HP: 54/54 MP: 8/23
 11884 | D:10     | Entered Level 10 of the Dungeon
 11901 | D:10     | Found a staircase to the Lair.
 12073 | D:10     | Reached skill level 5 in Invocations
 12328 | D:10     | Noticed a green ugly thing
 12347 | D:10     | Killed a green ugly thing
 12511 | D:10     | Reached skill level 5 in Fighting
 12577 | D:10     | Found a staircase to the Orcish Mines.
 13657 | D:11     | Reached skill level 13 in Stealth
 13675 | D:11     | Received a gift from Okawaru
 13767 | D:11     | Noticed a cyan ugly thing
 13774 | D:11     | Killed a cyan ugly thing
 14072 | D:12     | Noticed a purple ugly thing
 14073 | D:12     | Killed a purple ugly thing
 14073 | D:12     | Received a gift from Okawaru
 14103 | D:12     | Noticed a boulder beetle
 14152 | Lair:1   | Entered Level 1 of the Lair of Beasts
 14850 | Lair:1   | Noticed a lindwurm
 14872 | Lair:1   | Found a dark tunnel.
 14931 | Lair:1   | Killed a lindwurm
 15067 | Volcano  | Entered a volcano
 15471 | Lair:2   | Reached XP level 12. HP: 60/60 MP: 19/24
 15520 | Lair:2   | Noticed Urug
 15731 | Lair:2   | Reached skill level 1 in Bows
 15740 | Lair:2   | Noticed a six-headed hydra
 15740 | Lair:2   | Noticed a five-headed hydra
 15784 | Lair:2   | Killed a six-headed hydra
 16246 | Lair:2   | Killed Urug
 16406 | Lair:2   | Reached skill level 14 in Stealth
 16590 | Lair:2   | Noticed a five-headed hydra
 16637 | Lair:2   | Killed a five-headed hydra
 16974 | Lair:2   | Killed a five-headed hydra
 17104 | Lair:2   | Reached skill level 10 in Hexes
 17150 | Lair:2   | Found a staircase to the Swamp.
 17383 | Lair:3   | Reached ****** piety under Okawaru
 17383 | Lair:3   | Received a gift from Okawaru
 17551 | Lair:3   | Noticed a seven-headed hydra
 17568 | Lair:3   | Killed a seven-headed hydra
 17721 | Lair:3   | Reached skill level 1 in Ice Magic
 17912 | Lair:3   | Received a gift from Okawaru
 18020 | Lair:3   | Found a staircase to the Snake Pit.
 19245 | Lair:4   | Reached XP level 13. HP: 66/66 MP: 26/26
 19439 | Lair:4   | Received a gift from Okawaru
 19464 | Lair:4   | Got a polished cloak
 19474 | Lair:4   | Identified the cursed +0 cloak of Tidior {Stlth+} (You
                  | found it on level 4 of the Lair of Beasts)
 19580 | Lair:4   | Reached skill level 5 in Throwing
 20069 | Lair:5   | Found a staircase to the Slime Pits.
 20230 | Lair:4   | Reached skill level 15 in Stealth
 21012 | Lair:5   | Reached skill level 5 in Bows
 21498 | Lair:6   | Entered Level 6 of the Lair of Beasts
 21540 | Lair:6   | Received a gift from Okawaru
 21944 | Lair:6   | Received a gift from Okawaru
 22032 | Lair:6   | Received a gift from Okawaru
 22033 | Lair:6   | Reached skill level 10 in Short Blades
 22249 | Lair:6   | Reached skill level 16 in Stealth
 22900 | Lair:6   | Reached skill level 15 in Dodging
 23495 | Lair:6   | Reached XP level 14. HP: 72/72 MP: 27/27
 24030 | Lair:6   | Received a gift from Okawaru
 24275 | Lair:6   | Got a masterwork great sword
 24391 | Lair:6   | Identified the cursed +0 great sword "Mathredant" {freeze,
                  | Str-4 Int+4} (You found it on level 6 of the Lair of
                  | Beasts)
 24701 | Orc:1    | Entered Level 1 of the Orcish Mines
 24704 | Orc:1    | Noticed Harold
 24720 | Orc:1    | Paralysed by an orc sorcerer for 7 turns
 24731 | Orc:1    | Killed Harold
 24731 | Orc:1    | Received a gift from Okawaru
 24737 | Orc:1    | Reached skill level 17 in Stealth
 24932 | Orc:2    | Entered Level 2 of the Orcish Mines
 25121 | Orc:2    | Found a staircase to the Elven Halls.
 25853 | Orc:2    | Found Jeyj's Antique Weapon Shop.
 25853 | Orc:2    | Found Doozies's General Store.
 25855 | Orc:2    | Found Qeydwumn's Weapon Emporium.
 25857 | Orc:2    | Found Toacziss's Antique Weapon Boutique.
 25872 | Orc:2    | Bought a scroll of fear for 42 gold pieces
 26562 | Orc:1    | Found a roughly hewn altar of Beogh.
 27214 | D:12     | Found Weohee's Weapon Shoppe.
 27224 | D:12     | Bought the +6 dagger "Guvan" {holy, *Rage rF- Str+10 Dex+8}
                  | for 1178 gold pieces
 28316 | D:13     | Identified the cursed +3 rapier of Distant Shores {elec,
                  | Dex+2}
 28463 | D:13     | Found Sihush Ynnu's Weapon Shop.
 28656 | D:13     | Noticed Erolcha
 28665 | D:13     | Killed Erolcha
 29306 | D:13     | Received a gift from Okawaru
 29307 | D:13     | Found the +2 hood of the Assassin {Detection Stab+ Stlth++}
 29594 | D:14     | Found Totenn's Antique Weapon Boutique.
 30075 | D:14     | You fall into a shaft and drop 1 floor!
 30075 | D:15     | Entered Level 15 of the Dungeon
 30246 | D:15     | Reached XP level 15. HP: 79/79 MP: 24/29
 30276 | D:15     | Reached skill level 18 in Stealth
 30704 | D:15     | Found Ralaqott's Magic Scroll Shoppe.
 30713 | D:15     | Bought a scroll of identify for 26 gold pieces
 30713 | D:15     | Bought a scroll of identify for 26 gold pieces
 30713 | D:15     | Bought a scroll of identify for 26 gold pieces
 30716 | D:15     | Gained mutation: You are clumsy. (Dex -2) [potion of
                  | mutation]
 30716 | D:15     | Gained mutation: You have a beak for a mouth. [potion of
                  | mutation]
 30716 | D:15     | Gained mutation: You are covered in fur. (AC +1) [potion of
                  | mutation]
 30733 | D:15     | Found a stormy altar of Qazlal.
 31323 | D:14     | Received a gift from Okawaru
 31513 | D:14     | Received a gift from Okawaru
 31628 | D:14     | Found a gate to the Vaults.
 32077 | D:15     | Found a staircase to the Depths.
 32589 | Elf:1    | Entered Level 1 of the Elven Halls
 32638 | Elf:1    | Reached skill level 10 in Spellcasting
 32734 | Elf:1    | Noticed a deep elf sorcerer
 32980 | Swamp:1  | Entered Level 1 of the Swamp
 33043 | Swamp:1  | Splashed by a goliath frog's acid

Illustrated notes

Levels and vault maps discovered:
D:1:      dpeg_arrival_long_road, layout_basic, minivault_25
D:2:      layout_basic, gammafunk_temple_overflow_claw, corner_web_ring
D:3:      layout_rooms, uniq_jessica
D:4:      layout_rooms, yredelemnul_altar_generic,
          minmay_temple_entry_sparse_star
D:5:      layout_cave_pools, serial_column_ruins, column_ruins_hut_pillars,
          column_ruins_grid_5, column_ruins_columns_water,
          column_ruins_corridor_straight, column_ruins_open_small,
          column_ruins_open_tiny, column_ruins_open_tiny
D:6:      layout_basic
D:7:      layout_rooms, uniq_pikel, uniq_menkaure, uniq_duvessa
D:8:      lemuel_castle_with_subvaults [lemuel_castle_interior_original],
          layout_rooms, gammafunk_temple_overflow_forgotten
D:9:      layout_basic, gammafunk_ghost_arena, feat_on_display
D:10:     layout_cave_pools, david_lair_generic, david_orc_2
D:11:     layout_loops_cross
D:12:     layout_big_octagon, serial_co_window_serial,
          co_window_of_opportunity_a, co_window_cross_1, co_window_paths_b,
          co_window_corner_a, co_window_cross_1, co_window_paths_a,
          co_window_of_opportunity_a, co_window_paths_a, co_window_paths_b,
          co_window_broadway_a, co_window_of_opportunity_c, co_window_cross_3,
          co_window_unsneaky_path_c, co_window_paths_c, co_window_2corner,
          serial_shops, nicolae_shop_crystal, minmay_statue_bubble
D:13:     layout_basic, serial_shops, kennysheep_little_box,
          kennysheep_generic_room_6, uniq_erolcha
D:14:     kennysheep_big_flooded_room, layout_irregular_city, david_vaults_1,
          serial_shops, shop
D:15:     gammafunk_enter_depths_forms, layout_rooms, serial_shops, shop,
          serial_glass, glass_columns_b, glass_columns_c, st_stairs_9,
          lemuel_statue_altar
Temple:   eino_wide_crystal_templ
Lair:1:   layout_regular_city, nicolae_volcano_entry_vermiform,
          serial_bayou_shore_a, lemuel_fruit_tree
Lair:2:   layout_layer_cave, palyth_hydra_swamp_entry,
          chequers_serial_rivers_room_b, uniq_urug
Lair:3:   nzn_winding_woodlands_three_and_one [nzn_winding_woodlands_5x15_pool,
          nzn_winding_woodlands_5x15_garden, nzn_winding_woodlands_5x15_pockets,
          nzn_winding_woodlands_center_lodge], layout_chaotic_city,
          guppyfry_snake_entry_island
Lair:4:   layout_gridlike
Lair:5:   layout_roguey, dpeg_slime_entry_corner, grunt_megastairs_2
Lair:6:   grunt_lair_end_beastmaster, layout_gridlike
Swamp:1:  layout_basic_swamp, evilmike_swamp_ruin_house_2, swamp_pool1
Orc:1:    layout_caves, enter_bailey_7, basic_altar, uniq_harold
Orc:2:    st_orc_rangers, layout_caves
Elf:1:    minmay_elf_arrival_summoners, layout_geoelf_octagon, basic_altar,
          hangedman_elf_represent

Skill      XL: |  1  2  3  4  5  6  7  8  9 10 11 12 13 14 15 |
---------------+----------------------------------------------+-----
Spellcasting   | 3 4 5 6 7 8 9 10 | 10.2
Stealth        | 5 6 7 8 10 12 13 14 16 17 18 | 18.6
Hexes          | 4 5 6 7 8 9 10 | 10.5
Short Blades   | 2 3 4 5 6 7 9 10 11 12 | 12.0
Fighting       | 1 2 3 4 5 6 7 9 |  9.6
Dodging        | 4 5 7 9 11 12 13 15 16 17 | 17.1
Throwing       | 1 2 4 5 |  5.0
Invocations    | 1 2 4 5 6 |  6.5
Bows           | 4 5 6 |  6.8
Ice Magic      | 1 3 4 |  4.5

Action                   |  1- 3 |  4- 6 |  7- 9 | 10-12 | 13-15 || total
-------------------------+-------+-------+-------+-------+-------++-------
Melee: Dagger            |   113 |    47 |   210 |   548 |   491 ||  1409
       Falchion          |       |       |    27 |       |       ||    27
       Punch             |       |       |     1 |       |     1 ||     2
       Short sword       |       |       |       |    40 |   405 ||   445
       Rapier            |       |       |       |       |    47 ||    47
       Peck              |       |       |       |       |    77 ||    77
 Fire: Shortbow          |       |       |       |    36 |   238 ||   274
Throw: Dart              |     4 |    14 |    58 |   113 |   163 ||   352
 Cast: Ensorcelled Hiber |    19 |    27 |    53 |    60 |    89 ||   248
       Tukima's Dance    |     2 |     5 |    29 |    54 |    56 ||   146
       Confusing Touch   |       |     1 |    22 |    54 |   112 ||   189
       Dazzling Flash    |       |       |     7 |    35 |    79 ||   121
Invok: Heroism           |       |       |     1 |     1 |     3 ||     5
       Finesse           |       |       |       |       |     1 ||     1
Evoke: Wand              |       |       |       |     3 |     3 ||     6
  Use: Scroll            |     1 |       |    16 |    10 |    18 ||    45
       Potion            |       |       |     4 |       |     1 ||     5
 Stab: Sleeping          |    23 |    15 |    35 |    59 |    91 ||   223
       Confused          |       |       |    19 |    42 |    83 ||   144
       Invisible         |       |       |     3 |    24 |    50 ||    77
       Distracted        |       |       |       |     1 |     6 ||     7
       Paralysed         |       |       |       |     1 |     2 ||     3
Armor: Robe              |    17 |     2 |    17 |    30 |    34 ||   100
Dodge: Dodged            |   102 |    39 |   161 |   459 |   674 ||  1435
Block: Buckler           |       |       |       |       |   202 ||   202
       Other             |       |       |       |       |    49 ||    49
       Reflection        |       |       |       |       |    71 ||    71
       Rpst.: Falchion   |       |       |     8 |       |       ||     8
